 Dungeon Crawl Stone Soup version 0.32-a0-576-g706899e69d (webtiles) character file.

Game seed: 8371028348965755209

375 Dittersdorf the Shield-Bearer (level 6, -3/40 HPs)
             Began as a Gargoyle Fighter on Mar 1, 2024.
             Incinerated by a bombardier beetle (4 damage)
             ... with a burning spray
             ... on level 4 of the Dungeon.
             The game lasted 00:03:24 (2912 turns).

Dittersdorf the Shield-Bearer (Gargoyle Fighter)    Turns: 2912, Time: 00:03:24

Health: -3/40      AC: 17    Str: 21    XL:     6   Next: 72%
Magic:  15/15      EV:  7    Int: 17    God:
Gold:   190        SH:  8    Dex:  9    Spells: 5/5 levels left

rFire   . . .        u - +0 morningstar
rCold   . . .        w - +0 kite shield
rNeg    + . .        l - +0 chain mail
rPois   ∞            a - +1 helmet "Usiab" {MP+9 Int+8}
rElec   +            (no cloak)
rCorr   +            f - +0 pair of gloves
SInv    .            (no boots)
Will    .....        (no amulet) Stlth
                     o - ring of resist corrosion
HPRegen 0.26/turn    (no ring)
MPRegen 0.14/turn

%: no passive effects
@: on fire, glowing
A: sickness immunity, AC +4, negative energy resistance 1, electricity
resistance, torment resistance 1, petrification resistance
a: no special abilities


You were on level 4 of the Dungeon.
You visited 1 branch of the dungeon, and saw 4 of its levels.

You collected 190 gold pieces.

Inventory:

Hand Weapons
 u - a +0 morningstar (weapon)
Armour
 a - the +1 helmet "Usiab" (worn) {MP+9 Int+8}
   (You found it on level 3 of the Dungeon)

   Int+8:     It affects your intelligence (+8).
   MP+9:      It affects your magic capacity (+9).
 f - a +0 pair of gloves (worn)
 l - a +0 chain mail (worn)
 s - a +0 plate armour
 w - a +0 kite shield (worn)
Jewellery
 g - a ring of fire
 o - a ring of resist corrosion (left hand)
Wands
 b - a wand of iceblast (5)
Scrolls
 c - a scroll of silence {unknown}
 e - 5 scrolls of identify {unknown}
 h - a scroll of immolation {unknown}
 i - 2 scrolls of blinking {unknown}
 m - 2 scrolls of teleportation {unknown}
 p - a scroll of revelation {unknown}
 r - a scroll of fog {unknown}
 t - a scroll of poison {unknown}
 v - 2 scrolls of enchant armour {unknown}
Potions
 d - a potion of might
 j - 2 potions of brilliance {unknown}
 k - 2 potions of curing {unknown}
 n - a potion of mutation {unknown}
 q - a potion of attraction {unknown}


   Skills:
 + Level 4.9 Fighting
 + Level 3.8 Maces & Flails
 + Level 4.8 Armour
 + Level 4.9 Shields


You had 5 spell levels left.
You didn't know any spells.
Your spell library contained the following spells:

 Spells                   Type           Power      Damage    Failure   Level
 Lesser Beckoning         Tloc           0%         N/A       99%         2
 Call Canine Familiar     Summ           0%         N/A       100%        3
 Gell's Gravitas          Tloc           0%         N/A       100%        3
 Sigil of Binding         Hex            0%         N/A       100%        3
 Teleport Other           Tloc           0%         N/A       100%        3
 Dimensional Bullseye     Hex/Tloc       0%         N/A       100%        4
 Summon Lightning Spire   Summ/Air       0%         N/A       100%        4
 Malign Gateway           Summ/Tloc      0%         N/A       100%        7
 Polar Vortex             Ice            0%         N/A       100%        9


Dungeon Overview and Level Annotations

Branches:
Dungeon (4/15)
 Temple: D:4-7

Altars:
Trog

Shops:
D:1 *   D:2 [


Innate Abilities, Weirdness & Mutations

You are immune to sickness and miasma.
Your stone body is resilient. (AC +4)
You are immune to poison.
You resist negative energy. (rN+)
You are resistant to electric shocks. (rElec)
You are resistant to unholy torment.
You are immune to petrification.


Message History

The burning spray hits you.
You are even more covered in liquid fire!
You hit the bombardier beetle but do no damage.
The bombardier beetle is heavily wounded.
The liquid fire burns you!
The bombardier beetle sprays incendiary fluid at you.
The burning spray hits you.
You are even more covered in liquid fire!
You are too injured to fight recklessly!
You are too injured to fight recklessly!
You are too injured to fight recklessly!
You are too injured to fight recklessly!
You are too injured to fight recklessly!
You are too injured to fight recklessly!
You are too injured to fight recklessly!
You are too injured to fight recklessly!
You are too injured to fight recklessly!
You are too injured to fight recklessly!
You are too injured to fight recklessly!
You are too injured to fight recklessly!
You are too injured to fight recklessly!
You are too injured to fight recklessly!
You are too injured to fight recklessly!
You are too injured to fight recklessly!
You closely miss the bombardier beetle.
The bombardier beetle is heavily wounded.
The liquid fire burns you!
You hit the bombardier beetle but do no damage.
The bombardier beetle is heavily wounded.
The liquid fire burns you!
* * * LOW HITPOINT WARNING * * *
The bombardier beetle bites you but does no damage.
You puncture the bombardier beetle!
You kill the bombardier beetle!
The liquid fire burns you!
* * * LOW HITPOINT WARNING * * *
Found a bubbling golden potion.
You shake off some of the fire as you move.
The liquid fire burns you!
You die...

.. #.#
.###..#.#
.)....#.#
# #....#.#
#.#....#<#
.........#
.........#
....#...†#
.......@.#
.......#.#
###......#
#...####
.....
..#... !
#.. ...


There were no monsters in sight!

Vanquished Creatures
  A howler monkey (D:2)
  A bombardier beetle (D:4)
  An orc priest (D:2)
  A hound (D:4)
  Terence (D:2)
  Natasha (thrice) (D:2)
  2 orc wizards
  3 adders
  4 ribbon worms (D:2)
  2 dart slugs
  5 orcs
  7 ball pythons
  3 endoplasms
  3 giant cockroaches
  2 goblins
  4 hobgoblins
  7 kobolds
  A quokka (D:2)
  2 bats
  3 frilled lizards
  7 rats
63 creatures vanquished.

Notes
Turn   | Place    | Note
-------+----------+-------------------------------------------
     0 | D:1      | Dittersdorf the Gargoyle Fighter began the quest for the
                  | Orb.
     0 | D:1      | Reached XP level 1. HP: 14/14 MP: 1/1
   192 | D:1      | Found Unarph's Assorted Antiques.
   245 | D:1      | Got the Folio of the Mutual Icicle
   289 | D:1      | Found a faded altar of an unknown god.
   294 | D:1      | Reached XP level 2. HP: 19/19 MP: 2/2
  1023 | D:2      | Found Firhueg's Antique Armour Shop.
  1039 | D:2      | Reached XP level 3. HP: 23/23 MP: 3/3
  1050 | D:2      | Noticed Terence
  1187 | D:2      | Killed Terence
  1188 | D:2      | Reached XP level 4. HP: 18/29 MP: 4/4
  1425 | D:2      | Reached XP level 5. HP: 18/33 MP: 5/5
  1554 | D:2      | Noticed Natasha
  1567 | D:2      | Killed Natasha
  1584 | D:2      | Noticed Natasha
  1706 | D:2      | Killed Natasha
  1836 | D:2      | Found a bloodstained altar of Trog.
  1899 | D:2      | Noticed Natasha
  2044 | D:2      | Killed Natasha
  2311 | D:2      | Reached XP level 6. HP: 36/39 MP: 6/6
  2501 | D:3      | Identified the +1 helmet "Usiab" {MP+9 Int+8}
  2911 | D:4      | HP: 1/40 [burnt (7)]
  2912 | D:4      | Incinerated by a bombardier beetle

Illustrated notes

Levels and vault maps discovered:
D:1:      evilmike_arrival_crescent, layout_basic, serial_shops,
          nicolae_lakefront_shop, nicolae_ecumenical_snake_handling
D:2:      layout_basic, serial_shops, nicolae_shop_behind_doors, basic_altar,
          uniq_natasha, uniq_terence
D:3:      layout_rooms
D:4:      layout_basic, serial_shops, nicolae_stop_n_shop_1,
          cheibrodos_gnoll_hut, uniq_robin, uniq_menkaure

Skill      XL: |  1  2  3  4 |
---------------+-------------+-----
Fighting       | 4 |  4.9
Armour         | 4 |  4.8
Shields        | 4 |  4.9
Maces & Flails | 3 |  3.8

Action                     |  1- 3 |  4- 6 || total
---------------------------+-------+-------++-------
  Melee: Flail             |    92 |   117 ||   209
         Morningstar       |       |    59 ||    59
 Armour: Scale mail        |    28 |       ||    28
         Chain mail        |    62 |   207 ||   269
  Dodge: Dodged            |    37 |    94 ||   131
  Block: Buckler           |    20 |    38 ||    58
         Kite shield       |       |     7 ||     7

Table legend: (Time is in decaauts)
 A = Elapsed time spent in this place.
 B = Non-inter-level travel time spent in this place.
 C = Inter-level travel time spent in this place.
 D = Time resting spent in this place.
 E = Time spent auto-exploring this place.
 F = Levels seen in this place.
 G = Mean time per level.
                   A        B        C        D        E       F      G
               +--------+--------+--------+--------+--------+-----+--------+
         Total |   3016 |   2923 |     93 |    564 |   1550 |   4 |  754.0 |
       Dungeon |   3016 |   2923 |     93 |    564 |   1550 |   4 |  754.0 |
               +--------+--------+--------+--------+--------+-----+--------+

Top non-repeatable levels by time:
     D:2: 1311 daAuts
     D:1: 1172 daAuts
     D:3: 506 daAuts
     D:4: 26 daAuts
